 Dungeon Crawl Stone Soup version 0.29-a0-483-g69413ace17 (webtiles) character file.

Game seed: 17827664929542589031

1 jfcaron the Grave Robber (level 1, -1/13 HPs)
             Began as a Demonspawn Necromancer on May 26, 2022.
             Frozen to death by an endoplasm (4 damage)
             ... on level 1 of the Dungeon.
             The game lasted 00:00:19 (43 turns).

jfcaron the Grave Robber (Demonspawn Necromancer)     Turns: 43, Time: 00:00:19

Health: -1/13      AC:  2    Str:  8    XL:     1   Next: 16%
Magic:  2/3        EV: 12    Int: 16    God:
Gold:   0          SH:  0    Dex: 13    Spells: 3/4 levels left

rFire   . . .      SeeInvis .   d - +0 dagger
rCold   . . .      Faith    .   (no shield)
rNeg    . . .      Spirit   .   a - +0 robe
rPois   .          Reflect  .   (no helmet)
rElec   .          Harm     .   (no cloak)
rCorr   .          Rampage  .   (no gloves)
Will    .....                   (no boots)
Stlth   ++........              (no amulet)
HPRegen 0.04/turn               (no ring)
MPRegen 0.08/turn               (no ring)

@: no status effects
A: no striking features
a: no special abilities


You were on level 1 of the Dungeon.
You visited 1 branch of the dungeon, and saw 1 of its levels.

Inventory:

Hand Weapons
 d - a +0 dagger (weapon)
Armour
 a - a +0 robe (worn)
Potions
 b - a potion of magic
 c - a potion of cancellation {unknown}


   Skills:
 + Level 1.8 Dodging
 + Level 1.8 Stealth
 + Level 2.0 Spellcasting
 + Level 4.4 Necromancy


You had 3 spell levels left.
You knew the following spells:

 Your Spells              Type           Power      Damage    Failure   Level
a - Necrotize             Necr           60%        1d7       3%          1

Your spell library contained the following spells:

 Spells                   Type           Power      Damage    Failure   Level
 Vampiric Draining        Necr           15%        2d7       11%         3
 Animate Dead             Necr           15%        N/A       34%         4
 Agony                    Necr           15%        N/A       67%         5


Dungeon Overview and Level Annotations

Branches:
Dungeon (1/15)

Altars:


Message History

Orders for allies: a - Attack new target. r - Retreat! s - Stop attacking. g - Guard the area. f - Follow me.
Anything else - Cancel.
Gang up on whom?
Press: ? - help, Dir - move target, f - endoplasm
Aim: an endoplasm (not watching you, ally target) Attack!
Found 16 stones.
The endoplasm hits your kobold skeleton.
Your kobold skeleton splashes around in the water.
You hit the endoplasm but do no damage.
Your kobold skeleton hits the endoplasm but does no damage.
The endoplasm freezes you.
You are frozen.
Your kobold skeleton hits the endoplasm.
You see here a +0 dagger.
d - a +0 dagger The endoplasm hits you but does no damage.
d - a +0 dagger (weapon)
You hit the endoplasm.
The endoplasm is heavily wounded.
The endoplasm barely misses you.
Your kobold skeleton hits the endoplasm but does no damage.
You hit the endoplasm.
You punch the endoplasm, but do no damage.
The endoplasm is almost dead.
The endoplasm freezes you.
You are frozen.
* * * LOW HITPOINT WARNING * * *
Your kobold skeleton hits the endoplasm but does no damage.
You barely miss the endoplasm.
The endoplasm is almost dead.
The endoplasm closely misses you.
You barely miss the endoplasm.
The endoplasm is severely wounded.
Your kobold skeleton hits the endoplasm but does no damage.
The endoplasm freezes you.
You are frozen.
You die...

########## #.........
##..≈≈≈≈(≈≈
#.:.≈≈≈≈.≈≈
#...≈≈≈≈.≈≈ #########
#...≈≈≈≈.≈≈ ........#
#.@J≈≈≈≈... ........#
#..Z......≈ ........#
#...≈≈≈≈≈.≈
........###...≈≈≈≈≈.≈
..............≈≈≈≈≈.≈
......[.#####.≈≈≈≈≈.≈
........### #........
..........########.#.
#.#######....# .#


You could see an endoplasm (ally target) and a friendly kobold skeleton.

Vanquished Creatures
  A kobold (D:1)
1 creature vanquished.

Notes
Turn   | Place    | Note
-------+----------+-------------------------------------------
     0 | D:1      | jfcaron the Demonspawn Necromancer began the quest for the
                  | Orb.
     0 | D:1      | Reached XP level 1. HP: 13/13 MP: 3/3
    43 | D:1      | Frozen to death by an endoplasm

Illustrated notes

Levels and vault maps discovered:
D:1:      amcnicky_arrival_underground_garden, layout_basic, minivault_14

Action                   || total
-------------------------++-------
Melee: Dagger            ||     4
       Unarmed           ||     1
       Punch             ||     1
 Cast: Necrotize         ||     2
Armor: Robe              ||     1
Dodge: Dodged            ||     2

Table legend: (Time is in decaauts)
 A = Elapsed time spent in this place.
 B = Non-inter-level travel time spent in this place.
 C = Inter-level travel time spent in this place.
 D = Time resting spent in this place.
 E = Time spent auto-exploring this place.
 F = Levels seen in this place.
 G = Mean time per level.
                   A        B        C        D        E       F      G
               +--------+--------+--------+--------+--------+-----+--------+
         Total |     42 |     42 |      0 |      0 |     25 |   1 |   42.0 |
       Dungeon |     42 |     42 |      0 |      0 |     25 |   1 |   42.0 |
               +--------+--------+--------+--------+--------+-----+--------+

Top non-repeatable levels by time:
     D:1: 42 daAuts
